 Dungeon Crawl Stone Soup version 0.21.1 (webtiles) character file.

1855 Firecrotchwizard the Basher (level 8, -3/64 HPs)
             Began as a Minotaur Monk on Feb 2, 2018.
             Incinerated by azzazzello's ghost (13 damage)
             ... with a sticky flame
             ... on level 5 of the Dungeon.
             The game lasted 00:09:47 (5970 turns).

Firecrotchwizard the Basher (Minotaur Monk)         Turns: 5970, Time: 00:09:48

Health: -3/64      AC: 10    Str: 21    XL:     8   Next: 89%
Magic:  7/7        EV:  7    Int:  7    God:
Gold:   197        SH:  0    Dex: 14    Spells: 7/7 levels left

rFire    . . .     SeeInvis .   s - +1 flail (crush)
rCold    . . .     Gourm    .   (no shield)
rNeg     . . .     Faith    .   d - +0 plate armour
rPois    .         Spirit   .   (helmet restricted)
rElec    .         Reflect  .   (no cloak)
rCorr    .         Harm     .   (no gloves)
MR       .....                  (no boots)
Stlth    ..........             (no amulet)
HPRegen  0.20/turn              u - +4 ring of strength
MPRegen  0.10/turn              (no ring)

@: liquid flames, glowing
A: retaliatory headbutt, horns 2
a: no special abilities


You were on level 5 of the Dungeon.
You were not hungry.

You visited 1 branch of the dungeon, and saw 6 of its levels.

You collected 197 gold pieces.

Inventory:

Hand Weapons
 s - a +1 flail of crushing (weapon)
   (You took it off Edmund on level 3 of the Dungeon)
Armour
 d - a +0 plate armour (worn)
   (You found it on level 4 of the Dungeon)
 m - a +0 ring mail
   (You found it on level 2 of the Dungeon)
 r - a +0 chain mail
   (You found it on level 3 of the Dungeon)
Jewellery
 u - a +4 ring of strength (left hand)
   (You found it on level 5 of the Dungeon)
Wands
 q - a wand of flame (42)
   (You found it on level 5 of the Dungeon)
Scrolls
 a - a scroll of noise {unknown}
 e - a scroll of teleportation {unknown}
 f - 2 scrolls of amnesia {unknown}
 g - 8 scrolls of identify {unknown}
 h - 2 scrolls of enchant armour {unknown}
 j - 3 scrolls of remove curse {unknown}
 k - 5 scrolls of fog {unknown}
 l - 2 scrolls of blinking {unknown}
 o - a scroll of fear {unknown}
 p - a scroll of enchant weapon {unknown}
Potions
 b - a potion of agility {unknown}
 i - a potion of heal wounds
 n - a potion of degeneration {unknown}
 t - a potion of lignification {unknown}
Comestibles
 c - 8 rations {@e1}
 v - a chunk of flesh {@w0}


   Skills:
 - Level 3.6 Fighting
 + Level 13.6 Maces & Flails
 - Level 3.2 Dodging
 - Level 1.5 Stealth


You had 7 spell levels left.
You didn't know any spells.

Dungeon Overview and Level Annotations

Branches:
Dungeon (6/15)
 Temple: D:4-7

Altars:
Ashenzari
Cheibriados
Qazlal
Ru

Annotations:
D:3 2 transporters
D:6 azzazzello's ghost, novice DsFE


Innate Abilities, Weirdness & Mutations

You reflexively headbutt those who attack you in melee.
You have a pair of horns on your head.


Message History

You sock the orc priest!
You kill the orc priest!
The orc wizard mumbles some strange words.
The orc wizard seems to speed up.
The orc barely misses you. You furiously retaliate!
You headbutt the orc!
You kill the orc!
There is a stone staircase leading up here.
You barely miss the orc wizard.
The orc wizard hits you but does no damage.
The orc wizard closely misses you. You furiously retaliate!
You headbutt the orc wizard. You barely miss the orc wizard.
Your headbutt misses the orc wizard.
The orc wizard hits you but does no damage.
You hit the orc wizard.
The orc wizard hits you but does no damage.
You hit the orc wizard.
The orc wizard hits you but does no damage. 3 orcs come into view.
You closely miss the orc wizard.
The orc shouts! x2
The orc wizard casts a spell at you. The puff of flame hits you!
You take 11 damage, and have 49/64 hp.
Your plate armour prevents you from hitting the orc wizard.
You kill the orc wizard!
The orc moves out of view.
An orc comes into view. It is wielding a club.
Things that are here:
a mace; a chain mail; an orc corpse Your plate armour prevents you from hitting the orc.
The orc barely misses you.
You hit the orc. You hit the orc.
You kill the orc!
You hit the orc. Your headbutt misses the orc. You thump the orc!
You kill the orc!
You hit the orc. The orc hits you but does no damage.
Azzazzello's ghost (novice Demonspawn Fire Elementalist) comes into view.
It is wielding a weapon of distortion.
Here: azzazzello's ghost, wielding a weapon of distortion (hasn't noticed you)
The floor.
Unknown command.
The orc hits you but does no damage. The orc hits you with a club.
You take 2 damage, and have 49/64 hp.
You hit the orc.
You kill the orc!
The orc hits you with a club.
You take 4 damage, and have 45/64 hp.
The orc hits you but does no damage. The orc hits you but does no damage.
You barely miss the orc. You hit the orc. The orc hits you but does no damage.
You barely miss the orc. Your headbutt misses the orc.
The orc hits you but does no damage.
Your plate armour prevents you from hitting the orc.
You closely miss the orc. Your headbutt misses the orc.
The orc barely misses you.
You barely miss the orc. You barely miss the orc. Your headbutt misses the orc.
The orc hits you but does no damage.
You barely miss the orc. The orc completely misses you.
You closely miss the orc. You hit the orc.
You kill the orc!
You barely miss azzazzello's ghost.
You hit azzazzello's ghost but do no damage.
Your headbutt misses azzazzello's ghost.
Azzazzello's ghost sprays you with burning goo.
The sticky flame hits you!
You are covered in liquid flames!
You hit azzazzello's ghost.
Your headbutt misses azzazzello's ghost.
You are covered in liquid flames!
Azzazzello's ghost gestures at you while chanting.
The flame tongue hits you!
You take 14 damage, and have 33/64 hp.
MASSIVE DAMAGE!!
You are covered in liquid flames!
Azzazzello's ghost casts a spell at you.
The flame tongue misses you.
There is a stone staircase leading up here.
You take 7 damage, and have 26/64 hp.
You are covered in liquid flames!
You take 6 damage, and have 20/64 hp.
You are covered in liquid flames!
* * * LOW HITPOINT WARNING * * *
Azzazzello's ghost sprays you with burning goo.
The sticky flame hits you!
You are covered in liquid flames!
* * * LOW HITPOINT WARNING * * *
There is a stone staircase leading up here.
You take 5 damage, and have 15/64 hp.
You are covered in liquid flames!
* * * LOW HITPOINT WARNING * * *
Azzazzello's ghost barely misses you. You furiously retaliate!
You headbutt azzazzello's ghost.
You climb upwards.
You are covered in liquid flames!
You die...

#....#≈...≈#...
#....#.≈≈≈.#...
#....#.....#...
############.....#...#.#.#
#..#...#.....#..#.#.#..#..
#..................#......
#.........................
#.......[.†...............
#..######@.###.###.###.##.
#..##.###..###+###.######'
#.........................
#....................<....
#......#..................
#..............##..##.....
#......_.......##..##..##.
#..................##..##.
#......................###


There were no monsters in sight!

Vanquished Creatures
  Pikel (D:4)
  Eustachio (D:4)
  Menkaure (D:5)
  Edmund (D:3)
  A sky beast (D:5)
  2 slaves (D:3)
  A phantom (D:4)
  An ogre (D:4)
  A bullfrog (D:3)
  A scorpion (D:4)
  2 howler monkeys (D:4)
  A crimson imp (D:5)
  3 orc priests
  6 orc wizards
  A bullfrog zombie (D:5)
  A jelly (D:5)
  Jessica (D:3)
  An iguana (D:4)
  3 worker ants
  An adder (D:2)
  2 oozes (D:4)
  3 worms
  A dart slug (D:5)
  5 leopard geckos
  22 orcs
  4 giant cockroaches
  11 goblins
  8 hobgoblins
  5 jackals
  7 kobolds
  4 quokkas
  A ball python (D:4)
  A ball python skeleton (D:4)
  8 bats
  2 frilled lizards
  A jackal skeleton (D:4)
  6 rats
122 creatures vanquished.

Notes
Turn   | Place    | Note
-------+----------+-------------------------------------------
     0 | D:1      | Firecrotchwizard the Minotaur Monk began the quest for the Orb.
     0 | D:1      | Reached XP level 1. HP: 19/19 MP: 0/0
   185 | D:1      | Reached skill level 4 in Maces & Flails
   206 | D:1      | Reached XP level 2. HP: 26/26 MP: 1/1
   440 | D:1      | Reached skill level 5 in Maces & Flails
   597 | D:1      | Reached XP level 3. HP: 28/31 MP: 2/2
  1264 | D:2      | Found a stormy altar of Qazlal.
  1635 | D:2      | Found a faded altar of an unknown god.
  1686 | D:2      | Reached XP level 4. HP: 39/39 MP: 3/3
  1748 | D:2      | Reached skill level 6 in Maces & Flails
  2131 | D:3      | Noticed a bullfrog
  2135 | D:3      | Killed a bullfrog
  2135 | D:3      | Reached XP level 5. HP: 39/45 MP: 4/4
  2159 | D:3      | Reached skill level 7 in Maces & Flails
  2577 | D:3      | Noticed Jessica
  2580 | D:3      | Killed Jessica
  2683 | D:3      | Found a snail-covered altar of Cheibriados.
  2696 | D:3      | Found a transporter.
  2737 | D:3      | Found a transporter.
  3129 | D:4      | Reached skill level 8 in Maces & Flails
  3159 | D:4      | Noticed a slave
  3159 | D:4      | Noticed a slave
  3159 | D:4      | Noticed a slave
  3160 | D:4      | Noticed Pikel
  3176 | D:4      | Noticed Edmund
  3197 | D:3      | Killed a slave
  3210 | D:3      | Killed a slave
  3363 | D:3      | Reached XP level 6. HP: 29/51 MP: 5/5
  3369 | D:3      | Killed Edmund
  3369 | D:3      | Reached skill level 9 in Maces & Flails
  3627 | D:4      | HP: 8/51 [howler monkey (5)]
  3627 | D:4      | HP: 3/51 [Pikel/whip of freezing (1)]
  3628 | D:4      | Killed Pikel
  3628 | D:4      | Reached skill level 11 in Maces & Flails
  3628 | D:4      | Reached XP level 7. HP: 4/57 MP: 6/6
  4296 | D:4      | Reached XP level 8. HP: 49/64 MP: 7/7
  4393 | D:4      | Noticed Eustachio
  4401 | D:4      | Killed Eustachio
  4563 | D:4      | Reached skill level 12 in Maces & Flails
  5121 | D:5      | Entered Level 5 of the Dungeon
  5181 | D:5      | Found a shattered altar of Ashenzari.
  5208 | D:5      | Found a sacrificial altar of Ru.
  5679 | D:5      | Noticed Menkaure
  5689 | D:5      | Killed Menkaure
  5689 | D:5      | Reached skill level 13 in Maces & Flails
  5947 | D:6      | Noticed azzazzello's ghost (novice DsFE)
  5968 | D:6      | HP: 15/64 [azzazzello's ghost/sticky flame (4)]
  5970 | D:5      | Incinerated by azzazzello's ghost

Skill      XL: |  1  2  3  4  5  6  7  8 |
---------------+-------------------------+-----
Maces & Flails | 4 5 6 8 11 13 | 13.6
Fighting       | |  3.6
Dodging        | |  3.2
Stealth        | |  1.5

Action                   |  1- 3 |  4- 6 |  7- 9 || total
-------------------------+-------+-------+-------++-------
Melee: Mace              |    59 |       |       ||    59
       Headbutt          |     8 |    26 |    23 ||    57
       Flail             |    34 |   110 |   149 ||   293
  Use: Potion            |       |     1 |       ||     1
 Stab: Sleeping          |     3 |       |       ||     3
  Eat: Chunk             |     2 |     7 |     7 ||    16
Armor: Robe              |    10 |     1 |       ||    11
       Ring mail         |       |    34 |    14 ||    48
       Plate armour      |       |       |    37 ||    37
Dodge: Dodged            |    68 |    73 |    42 ||   183

Vault maps used:
D:1:      dpeg_arrival_erosion
D:2:      cheibrodos_pilgrimage, old_standard_altar,
          chequers_ecumenical_altar_island
D:3:      gammafunk_temple_overflow_arena, uniq_jessica
D:4:      uniq_eustachio, uniq_pikel, uniq_edmund
D:5:      nicolae_ru_awakened_eye, overflow_temple_1_default, first_ration,
          serial_glass, glass_columns_a, glass_columns_a,
          kennysheep_generic_room_14, uniq_menkaure
D:6:      zin_scriptorium, minmay_statues_item, kennysheep_generic_room_7

Table legend:
 A = Turns spent in this place as a percentage of turns spent in the entire game.
 B = Non-inter-level travel turns spent in this place as a percentage of non-inter-level travel turns spent in the entire game.
 C = Inter-level travel turns spent in this place as a percentage of turns spent in this place.
 D = Turns resting spent in this place as a percentage of non-inter-level travel turns spent in this place.
 E = Turns spent auto-exploring this place as a percentage of non-inter-level travel turns spent in this place.
 F = Non-inter-level travel turns spent in this place divided by the number of levels of this place that you've seen.
                   A       B       C       D       E      F
               +-------+-------+-------+-------+-------+----------------------
         Total | 100.0 | 100.0 |   3.8 |  29.3 |  55.0 | 957.2
       Dungeon | 100.0 | 100.0 |   3.8 |  29.3 |  55.0 | 957.2
               +-------+-------+-------+-------+-------+----------------------

Table legend:
 A = Kills in this place as a percentage of kills in entire the game.
 B = Kills by you in this place as a percentage of kills by you in the entire game.
 C = Kills by friends in this place as a percentage of kills by friends in the entire game.
 D = Other kills in this place as a percentage of other kills in the entire game.
 E = Experience gained in this place as a percentage of experience gained in the entire game.
 F = Experience gained in this place divided by the number of levels of this place that you have seen.
                   A       B       C       D       E      F
               +-------+-------+-------+-------+-------+----------------------
         Total | 100.0 | 100.0 |   N/A |   N/A | 100.0 | 441.8
       Dungeon | 100.0 | 100.0 |   N/A |   N/A | 100.0 | 441.8
               +-------+-------+-------+-------+-------+----------------------
